[Event "Late-Titled-Tuesday-Blitz-July-09-2024"]
[Site "Chess.com"]
[Date "2024.07.09"]
[Round "4"]
[White "tsvet2005"]
[Black "boguszp"]
[Result "1-0"]
[WhiteElo "2665"]
[BlackElo "1967"]
[TimeControl "180+1"]
[EndTime "14:40:24 PDT"]
[Termination "tsvet2005 won on time"]

1. d4 d5 2. c4 c6 3. cxd5 cxd5 4.
Nc3 Nc6 5. e4 dxe4 6. d5 Ne5 7.
Qa4+ Nd7 8. Nxe4 a6 9. Nf3 b5 10. Bxb5 Bb7 11. Bc6 Qc7 12. Bxd7+ Qxd7 13. Qxd7+ Kxd7 14. Nc5+ Kc8 15. Nxb7 Kxb7 16. O-O Nf6 17. Rd1 Rd8 18.
Ne5 Rxd5 19. Rxd5 Nxd5 20. Nxf7 Rg8 21. Be3 Nxe3 22. fxe3 g6 23. Rd1 Bg7 24. b3 Rf8 25. Nd8+ Kc8 26. Ne6 Rg8 27. Nc5 a5 28. Rd7 Bh6 29.
Kf2 Re8 30. Ra7 Rf8+ 31. Ke2 Rf5 32. Ra8+ Kc7 33. Ne6+ Kd6 34. Nd4 Re5 35. Ra6+ Kd7 36. Ra7+ Ke8 37. Nc2 Rc5 38. Kd3 Rd5+ 39. Nd4 e5 40.
Rxh7 Bf8 41. Ke4 Rc5 42. Ne6 Rc2 43. Rh8 Rxg2 44. Nxf8 Rxa2 45. Nxg6+ Kf7 46. Nxe5+ Kg7 47. Rb8 Rxh2 48. Rb5 Rh4+ 49. Kd5 Kf6 50. e4 Rh5 51. Rb6+ Ke7 52. Kd4 Rh3 53. Nc4 a4 54. bxa4 Kd7 55. a5 Kc7 56. Rf6 Rh1 57. a6 Rd1+ 58. Kc5 Ra1 59.
e5 Kd7 60. Rd6+ Ke7 61. Rc6 1-0

[Event "Late-Titled-Tuesday-Blitz-July-09-2024"]
[Site "Chess.com"]
[Date "2024.07.09"]
[Round "4"]
[White "VladimirKramnik"]
[Black "grzechu96"]
[Result "1-0"]
[WhiteElo "2988"]
[BlackElo "2799"]
[TimeControl "180+1"]
[EndTime "14:40:28 PDT"]
[Termination "VladimirKramnik won by checkmate"]

1. c4 c6 2. Nf3 d5 3. d4 Nf6 4.
g3 Bf5 5. Nc3 e6 6. Nh4 dxc4 7.
Nxf5 exf5 8. e3 Nbd7 9. Bxc4 Nb6 10. Bb3 Bd6 11. Qf3 Qd7 12. h3 h5 13. Bd2 O-O-O 14.
O-O-O Kb8 15. Kb1 Rhe8 16. Bc1 g6 17. a3 Ne4 18. Nxe4 Rxe4 19. Qe2 Nd5 20. Bc2 Ree8 21. Qc4 Re7 22. Bd2 Rde8 23. Rc1 h4 24. gxh4 Rh8 25.
Bd1 Rxh4 26. Bf3 Nf6 27. Bg2 Ne4 28. Be1 Rh8 29. Ka1 Nf6 30. Qb3 Ka8 31. Rc2 Ne4 32. h4 Nf6 33. Ba5 Bc7 34. Bb4 Ree8 35. Rhc1 Ne4 36.
f3 Nf6 37. e4 fxe4 38. fxe4 Nxe4 39. d5 c5 40. Bxe4 Rxe4 41. Bxc5 Bb8 42. d6 Rexh4 43. Qe3 Rh1 44. Qe7 Qxe7 45. dxe7 Rxc1+ 46. Rxc1 b6 47. Bd4 Re8 48. Bf6 Bd6 49. Rd1 Bxe7 50. Re1 Kb7 51. Bxe7 Kc6 52. Rc1+ Kd5 53. Bh4 f5 54.
Bg5 Ke4 55. Re1+ Kf3 56. Rxe8 Kg4 57. Bf6 g5 58. Rf8 f4 59. Bxg5 Kxg5 60. Ka2 Kg4 61. Kb3 f3 62. Kc4 Kg3 63. Kb5 f2 64. Ka6 Kg2 65.
Rxf2+ Kxf2 66. Kxa7 b5 67. Kb6 b4 68. axb4 Ke3 69. b5 Kf4 70. Kc6 Ke4 71. b6 Kd3 72. b7 Kc2 73. b8=Q Kd2 74. Qb3 Ke2 75. Qc3 Kf2 76. b4 Kg2 77. b5 Kf1 78. b6 Ke2 79. b7 Kd1 80. b8=Q Ke2 81. Qbb2+ Kd1 82. Qd3+ Ke1 83.
Qdb1# 1-0

[Event "Late-Titled-Tuesday-Blitz-July-09-2024"]
[Site "Chess.com"]
[Date "2024.07.09"]
[Round "4"]
[White "Mattheii"]
[Black "slidingknight2775"]
[Result "1/2-1/2"]
[WhiteElo "2488"]
[BlackElo "2728"]
[TimeControl "180+1"]
[EndTime "14:40:29 PDT"]
[Termination "Game drawn - insufficient material"]

1. c4 e6 2. Nc3 d5 3. d4 a6 4.
cxd5 exd5 5. Nf3 Nf6 6. Bg5 Be6 7. e3 Nbd7 8. Bd3 Bd6 9. O-O c6 10. Re1 O-O 11. e4 dxe4 12. Nxe4 Be7 13. Nxf6+ Nxf6 14. a3 h6 15. Bh4 Nd5 16. Bxe7 Qxe7 17. Ne5 Qf6 18. Be4 Rad8 19. Qf3 Qxf3 20. Bxf3 Rd6 21. Rad1 Nf6 22. Nd3 Rxd4 23. Nc5 Rxd1 24. Rxd1 Bc8 25. h3 Re8 26. b4 Kf8 27. a4 Ke7 28. Kf1 Rd8 29.
Re1+ Kf8 30. b5 axb5 31. axb5 cxb5 32. Nxb7 Bxb7 33. Bxb7 Rb8 34. Bc6 Rb6 35. Bf3 b4 36.
Rb1 Ke7 37. Ke2 Kd6 38. Kd3 Kc5 39. Kc2 Ra6 40. Kb2 Rd6 41. Rc1+ Kb5 42. Rc2 Rd4 43. Kb3 Rd3+ 44. Kb2 Rd6 45. Kb3 Nd7 46. Be2+ Ka5 47.
Ra2+ Kb6 48. Ra6+ Kc7 49. Rxd6 Kxd6 50. Kxb4 Nc5 51. Kc4 Ne6 52. g3 g5 53. Kd3 Ke5 54.
Ke3 f5 55. Bc4 f4+ 56. gxf4+ Nxf4 57. Bf1 Kf5 58. Kf3 h5 59. Kg3 h4+ 60. Kf3 Ne6 61. Bd3+ Ke5 62. Bc4 Nf4 63. Bf1 Kf5 64. Ke3 g4 65.
hxg4+ Kxg4 66. Ke4 Nh3 67. Be2+ Kg5 68. f3 Ng1 69. Bf1 h3 70. Bxh3 Nxh3 71. f4+ Kf6 72.
Kd4 Nf2 73. f5 Ng4 74. Kc4 Nh6 75. Kb3 Ng8 76. Kb2 Ne7 77. Kb1 Nxf5 1/2-1/2

[Event "Late-Titled-Tuesday-Blitz-July-09-2024"]
[Site "Chess.com"]
[Date "2024.07.09"]
[Round "4"]
[White "MAGMAchess02"]
[Black "Juliana_Figueira"]
[Result "1-0"]
[WhiteElo "2314"]
[BlackElo "1991"]
[TimeControl "180+1"]
[EndTime "14:40:29 PDT"]
[Termination "MAGMAchess02 won by checkmate"]

1. e4 c5 2. Nc3 d6 3. d4 cxd4 4.
Qxd4 Nc6 5. Qd2 Nf6 6. b3 e6 7. Bb2 Be7 8. O-O-O O-O 9. Kb1 a6 10.
f3 b5 11. g4 Bd7 12. h4 b4 13. Nce2 a5 14. h5 a4 15. g5 Ne8 16. g6 h6 17.
Nh3 Qa5 18. Ba1 axb3 19. cxb3 e5 20. f4 exf4 21. Nexf4 Ne5 22. Nd5 Bf6 23. Rg1 Nf3 24. Nxf6+ Nxf6 25. Qb2 Nxg1 26. Nxg1 Qa3 27. Bc4 Qxb2+ 28.
Bxb2 Be6 29. Bxf6 gxf6 30. Bxe6 fxe6 31. Rxd6 Rfe8 32. Ne2 Rad8 33. Rxd8 Rxd8 34. Kc2 f5 35. exf5 exf5 36. Nf4 Rd4 37. Ne6 Rh4 38. Kd3 Rxh5 39. Nf4 Rh4 40. Ke3 Kg7 41. Kf3 Rg4 42. Ke3 Kf6 43.
Kf3 Rh4 44. Kg3 Rg4+ 45. Kf3 Ke5 46. Nd3+ Kd4 47. Nf4 h5 48. g7 Rxg7 49. Ne6+ Ke5 50. Nxg7 h4 51. Nh5 h3 52. Kg3 Kd4 53. Nf4 Kc3 54.
Nd5+ Kb2 55. Nxb4 Ka3 56. Nd3 Kxa2 57. b4 Kb3 58. Kxh3 Kc4 59. Kg3 Kxd3 60. b5 Kc4 61. b6 Kc5 62. b7 Kc6 63. b8=Q f4+ 64. Kxf4 Kc5 65. Qe5+ Kc4 66. Qd6 Kb3 67. Qc5 Kb2 68.
Qc4 Kb1 69. Qe2 Kc1 70. Ke4 Kb1 71. Kd3 Kc1 72. Kc3 Kb1 73. Qb2# 1-0

[Event "Late-Titled-Tuesday-Blitz-July-09-2024"]
[Site "Chess.com"]
[Date "2024.07.09"]
[Round "4"]
[White "RodriQA"]
[Black "karinachess1"]
[Result "0-1"]
[WhiteElo "2439"]
[BlackElo "2670"]
[TimeControl "180+1"]
[EndTime "14:40:34 PDT"]
[Termination "karinachess1 won on time"]

1. b4 e5 2. Bb2 Bxb4 3. Bxe5 Nf6 4. Nf3 O-O 5. c3 Be7 6. d4 d5 7.
Nbd2 c5 8. e3 Nc6 9. Bd3 Qa5 10.
O-O Qxc3 11. Bxf6 Bxf6 12. Bb5 cxd4 13. Rc1 Qa5 14. Bxc6 bxc6 15. Nb3 Qxa2 16. Nfxd4 Rb8 17. Ra1 Qb2 18. Rxa7 Rb6 19. Qd3 Bxd4 20. Nxd4 c5 21. Nf3 Qb3 22. Qd2 Be6 23. h3 Qb4 24. Qc2 h6 25.
Rc1 Rc8 26. Nd4 Qb2 27. Nxe6 Qxc2 28. Rxc2 fxe6 29. Rd7 c4 30. Kf1 Rbc6 31. Ke2 R8c7 32. Rd8+ Kf7 33. e4 Rc5 34. Ke3 Ke7 35. Rg8 Kd6 36.
f4 dxe4 37. Kxe4 c3 38. Rd8+ Ke7 39. Rg8 Kf7 40. Rd8 Rc4+ 41. Ke3 Rb7 42. Rd4 Rb2 43. Rxc4 Rxc2 44. g4 Rh2 45. Rxc3 Rxh3+ 46. Kd4 Rxc3 47. Kxc3 Kf6 48. Kd4 g6 49. Ke4 h5 50. g5+ Kf7 51. Kf3 Ke7 52. Ke4 Kd6 53. Kd4 Ke7 54. Ke4 Kd7 55. Ke3 Kd6 56. Kd4 h4 57. Ke4 Kc5 58. Ke5 h3 59. Kxe6 h2 60. f5 h1=Q 61. fxg6 Qe4+ 62.
Kf7 Qf5+ 63. Kg7 Qxg5 64. Kh7 Qh5+ 65. Kg7 Kd6 66. Kf7 Qf5+ 67. Kg7 Ke6 68. Kh6 Kf6 69. Kh7 Qxg6+ 0-1

[Event "Late-Titled-Tuesday-Blitz-July-09-2024"]
[Site "Chess.com"]
[Date "2024.07.09"]
[Round "4"]
[White "klercaku"]
[Black "HaryKane"]
[Result "0-1"]
[WhiteElo "2386"]
[BlackElo "2571"]
[TimeControl "180+1"]
[EndTime "14:40:34 PDT"]
[Termination "HaryKane won by resignation"]

1. e4 g6 2. d4 Bg7 3. Nf3 d6 4. Nc3 Nf6 5. Be2 O-O 6. O-O c5 7. dxc5 dxc5 8. Be3 b6 9. e5 Ng4 10. Bf4 Nc6 11. Qd5 Bb7 12. Qe4 Qc8 13. e6 Nd4 14.
Qd3 Qxe6 15. h3 Nxe2+ 16. Qxe2 Qxe2 17. Nxe2 Bxf3 18. gxf3 Ne5 19. Kg2 Nc4 20. c3 Nxb2 21. Rab1 Nd3 22. Be3 Ne5 23. Rfd1 Rfd8 24. Bf4 Nc4 25.
Bg3 h5 26. Bc7 Rdc8 27. Bg3 Ne5 28. h4 Rd8 29. Bf4 e6 30. Bg3 Bf6 31. Kh3 Kg7 32. Kg2 Nc6 33. Nf4 Bxc3 34. Ne2 Bf6 35. Nf4 Nd4 36.
Nd3 a6 37. Ne5 Kg8 38. Nc4 b5 39. Nd6 Nf5 40. Ne4 Nxg3 41. fxg3 Be5 42. Nxc5 Kg7 43.
Nd3 Bd4 44. Nb4 Rac8 45. Nd3 Rc2+ 46. Kh3 Bf6 47. Nb4 Rxd1 48. Rxd1 Rb2 49. Nxa6 Rxa2 50.
Nc7 b4 51. Rb1 Rb2 52. Rxb2 Bxb2 53. Na6 Bc3 54. Nc5 Kf8 55. Kg2 Ke7 56. Kf1 Kd6 57. Nb3 Kd5 58. Ke2 Kc4 59. Na5+ Kb5 60. Nb3 Ka4 61.
Nc5+ Ka3 62. Kd3 Be1 63. Kc4 Bxg3 64. Nb3 Bxh4 65. Nd2 Be1 66. Nb3 h4 67. Nd4 Kb2 68. Ne2 Bc3 69. Ng1 b3 70. Nh3 Bf6 71. f4 Kc2 72.
Nf2 b2 73. Ng4 b1=Q 74. Nxf6 Qa2+ 75. Kc5 Qa3+ 76. Kc6 Qc3+ 77. Kd7 Qxf6 0-1

[Event "Late-Titled-Tuesday-Blitz-July-09-2024"]
[Site "Chess.com"]
[Date "2024.07.09"]
[Round "4"]
[White "NovakRatko"]
[Black "Matalon"]
[Result "1-0"]
[WhiteElo "2366"]
[BlackElo "2496"]
[TimeControl "180+1"]
[EndTime "14:40:39 PDT"]
[Termination "NovakRatko won by resignation"]

1. d4 Nf6 2. c4 e6 3. Bg5 d5 4.
Nf3 b6 5. cxd5 exd5 6. Nc3 Be7 7. e3 O-O 8. Bd3 Bb7 9. Ne5 Nbd7 10. f4 h6 11. Bh4 Ne4 12. Bxe7 Qxe7 13. O-O c5 14.
Bxe4 dxe4 15. Nxd7 Qxd7 16. dxc5 Qxd1 17. Rfxd1 bxc5 18. Rd7 Bc6 19. Rc7 Rfc8 20. Rxc8+ Rxc8 21. Rd1 Kf8 22. f5 Ke7 23. Kf2 Rb8 24. b3 a5 25. Kg3 Rb4 26. Kf4 c4 27. bxc4 Rxc4 28. Nd5+ Bxd5 29. Rxd5 Ra4 30. g4 Rxa2 31. h4 Ra4 32. g5 hxg5+ 33. hxg5 g6 34. f6+ Ke6 35. Re5+ Kd6 36. Re7 Rc4 37.
Rxf7 Rc8 38. Ra7 Ke6 39. Rxa5 Rc4 40. Ra6+ Kf7 41. Ra7+ Ke6 42. Re7+ Kd6 43. Rxe4 Rc7 44. Rd4+ Ke6 45. e4 Rc1 46. Rd3 Rf1+ 47. Rf3 Re1 48. Rh3 Rf1+ 49. Ke3 Re1+ 50. Kd4 Rd1+ 51. Rd3 Re1 52.
Ra3 Rd1+ 53. Kc3 Rc1+ 54. Kd2 Rg1 55. Ra6+ Kf7 56. Ra7+ Kf8 57. Ra5 Rg2+ 58. Ke3 Rg3+ 59. Kf4 Rg1 60. Ra7 Ke8 61. Rg7 Kf8 62. Rxg6 Rf1+ 63.
Ke5 Re1 64. Rg7 Ra1 65. Rd7 Ra5+ 66. Ke6 Ra6+ 67. Kf5 Ke8 68. Re7+ Kf8 69. e5 Ra5 70. g6 Ra8 71. g7+ Kg8 72. Kg6 1-0

[Event "Late-Titled-Tuesday-Blitz-July-09-2024"]
[Site "Chess.com"]
[Date "2024.07.09"]
[Round "4"]
[White "MusicCityMaster"]
[Black "TC2304"]
[Result "1/2-1/2"]
[WhiteElo "2495"]
[BlackElo "2349"]
[TimeControl "180+1"]
[EndTime "14:40:46 PDT"]
[Termination "Game drawn - insufficient material"]

1. e4 e6 2. d4 d5 3. e5 c5 4.
c3 b6 5. Nf3 Ne7 6. Bb5+ Bd7 7.
Bd3 a6 8. O-O Bb5 9. h4 Bxd3 10.
Qxd3 c4 11. Qe2 Nf5 12. g3 Nc6 13. b3 b5 14. a4 Be7 15. Bg5 O-O 16. Nbd2 b4 17.
cxb4 c3 18. b5 Ncxd4 19. Nxd4 Nxd4 20. Qd3 Bxg5 21. hxg5 Qxg5 22. Qxd4 Qxd2 23. Qxd2 cxd2 24. b6 a5 25. b4 Rfb8 26. bxa5 Rxa5 27. Rfb1 f6 28.
exf6 gxf6 29. Kf1 d1=Q+ 30. Rxd1 Rxb6 31. Rd4 e5 32. Rg4+ Kf7 33. Kg2 Ke6 34. Rh1 Rb7 35. Rh6 Rba7 36. Rg8 Rxa4 37. Re8+ Re7 38. Rd8 d4 39. Rb8 Ra6 40. Kf3 Rd6 41. g4 d3 42.
Rb1 d2 43. Rd1 Kd7 44. Ke2 Rg7 45. Rxd2 Rxd2+ 46. Kxd2 Rxg4 47. Rxh7+ Ke6 48. Ke3 Ra4 49. Rh8 Ra3+ 50. Ke2 Kf5 51. Re8 Ke4 52. Rf8 f5 53. Rb8 Ra2+ 54. Kf1 f4 55. Rb3 f3 56. Re3+ Kf4 57. Re1 e4 58. Rb1 Ra8 59. Rc1 Rh8 60. Kg1 Rg8+ 61. Kf1 Rg2 62. Rc4 Rh2 63. Kg1 Rh5 64. Ra4 Rd5 65. Ra1 Rd2 66. Kf1 Re2 67. Rb1 Rd2 68. Rc1 Rd4 69. Rb1 e3 70.
fxe3+ Kxe3 71. Rb3+ Kf4 72. Rb8 Rd1+ 73. Kf2 Rd2+ 74.
Kf1 Rd4 75. Rf8+ Ke3 76. Re8+ Kd3 77. Kf2 Rf4 78. Re7 Kd4 79. Re8 Kd5 80. Re7 Kd6 81. Re3 Rf6 82. Re1 Rf7 83. Re3 Rf6 84. Rxf3 Ke7 85. Ke2 Rxf3 86. Kxf3 1/2-1/2

[Event "Late-Titled-Tuesday-Blitz-July-09-2024"]
[Site "Chess.com"]
[Date "2024.07.09"]
[Round "4"]
[White "tgpgoat"]
[Black "jcmesafischer"]
[Result "1-0"]
[WhiteElo "2512"]
[BlackElo "2354"]
[TimeControl "180+1"]
[EndTime "14:40:48 PDT"]
[Termination "tgpgoat won by checkmate"]

1. e4 c5 2. Nc3 a6 3. d4 cxd4 4. Qxd4 Nc6 5. Qd2 g6 6. b3 Bg7 7. Bb2 d6 8. O-O-O b5 9. Kb1 b4 10. Nd5 Bxb2 11. Kxb2 Be6 12. f4 Bxd5 13. exd5 Nb8 14.
Nf3 a5 15. Bb5+ Nd7 16. Nd4 Qb6 17. Bxd7+ Kxd7 18. Rhe1 Rc8 19. Nc6 e6 20. dxe6+ Kxc6 21.
Qxd6+ Kb7 22. Qd7+ Qc7 23. Qb5+ Ka8 24. Qa6+ Kb8 25.
c4 bxc3+ 26. Kc2 Qb7 27. Qxa5 Qxg2+ 28. Kd3 Qf3+ 29. Kc2 Qf2+ 30. Kd3 c2 31. Qb5+ Ka8 32. Qd5+ Kb8 33. Qb5+ Ka7 34. Qd7+ Kb6 35. Qxc8 cxd1=Q+ 36. Rxd1 Qf3+ 37. Kd2 Qxf4+ 38. Kc2 Qe4+ 39. Rd3 Qxe6 40.
Qxe6+ fxe6 41. Rd8 h5 42. a4 g5 43. Kd2 g4 44. Ke2 h4 45. Kf1 g3 46. hxg3 h3 47. Kg1 h2+ 48. Kh1 e5 49. Re8 e4 50. g4 Kc5 51. g5 Kd4 52. g6 e3 53. g7 Rh4 54.
Rxg8 e2 55. Re8 Re4 56. Rxe4+ Kxe4 57. g8=Q e1=Q+ 58. Kxh2 Qh4+ 59. Kg1 Qe1+ 60. Kg2 Qe2+ 61. Kh3 Qh5+ 62. Kg3 Qf3+ 63. Kh2 Qh5+ 64. Kg2 Qf3+ 65.
Kh2 Qh5+ 66. Kg1 Qd1+ 67. Kf2 Qf3+ 68. Ke1 Qe3+ 69. Kd1 Qd3+ 70. Kc1 Qc3+ 71. Kb1 Qe1+ 72. Kb2 Qd2+ 73. Ka3 Qd6+ 74. b4 Qd3+ 75. Qb3 Qd2 76. b5 Ke5 77. b6 Kd6 78. Qb4+ Qxb4+ 79. Kxb4 Kc6 80. a5 Kb7 81. Kb5 Ka8 82. Kc6 Kb8 83. a6 Ka8 84. b7+ Kb8 85. Kd7 Ka7 86. Kc7 Kxa6 87. b8=Q Ka5 88. Kc6 Ka4 89. Kc5 Ka3 90. Kc4 Ka2 91. Kc3 Ka1 92. Qb2# 1-0

[Event "Late-Titled-Tuesday-Blitz-July-09-2024"]
[Site "Chess.com"]
[Date "2024.07.09"]
[Round "4"]
[White "Kowarenai"]
[Black "Mops_2004"]
[Result "1/2-1/2"]
[WhiteElo "2552"]
[BlackElo "2736"]
[TimeControl "180+1"]
[EndTime "14:41:03 PDT"]
[Termination "Game drawn - insufficient material"]

1. c4 f5 2. d3 e5 3. Nc3 Bb4 4. Qb3 Nc6 5. a3 Bxc3+ 6. Qxc3 a5 7. g3 a4 8. Bg2 d6 9. Nf3 Nf6 10. Bg5 h6 11. Bxf6 Qxf6 12. O-O O-O 13. e3 Bd7 14. Rac1 Kh8 15. Nd2 f4 16. exf4 exf4 17. Qxf6 Rxf6 18. Bxc6 Bxc6 19. d4 b6 20. d5 Bd7 21. Rc3 Re8 22. Rd1 g5 23. f3 Re2 24. Ne4 Rf8 25. Rd2 Re1+ 26. Kg2 Kg7 27. Nf2 fxg3 28. hxg3 Bf5 29.
g4 Bg6 30. Nd3 Re3 31. Nb4 Rxc3 32. bxc3 Re8 33. Kf2 Kf6 34. Nc6 h5 35. gxh5 Bxh5 36. Nd4 Bf7 37. Rb2 Rh8 38. Rb4 Be8 39. Nb5 Bxb5 40. cxb5 Rh2+ 41. Kg3 Rc2 42. c4 Rc3 43. Rxa4 Kf5 44. Kg2 Kf4 45. c5+ Ke5 46. cxb6 cxb6 47. Ra6 Kxd5 48. Rxb6 Rxa3 49. Rb8 Kc5 50. b6 Kc6 51.
Rg8 Kxb6 52. Rxg5 Kc6 53. Kf2 d5 54. Rg8 Kc5 55. Rc8+ Kd4 56. Rc2 Rd3 57. Ke2 Re3+ 58. Kf2 Kd3 59. Ra2 Re6 60. Ra3+ Kc4 61. Ra4+ Kc3 62.
Ra3+ Kb4 63. Ra8 d4 64. Rd8 Kc3 65. f4 d3 66. Kf3 d2 67. f5 Re1 68. Kf4 d1=Q 69.
Rxd1 Rxd1 70. Ke5 Re1+ 71. Kd5 Rd1+ 72. Ke5 Re1+ 73. Kd5 Rf1 74. Ke6 Kd4 75. f6 Re1+ 76.
Kd6 Rf1 77. Ke6 Kc5 78. Ke7 Re1+ 79. Kd7 Rd1+ 80. Ke7 Re1+ 81. Kd7 Rf1 82. Ke7 Kc6 83. f7 Re1+ 84. Kd8 Rd1+ 85. Ke8 Re1+ 86. Kd8 Ra1 87.
f8=Q Ra8+ 88. Ke7 Rxf8 89. Kxf8 1/2-1/2

[Event "Late-Titled-Tuesday-Blitz-July-09-2024"]
[Site "Chess.com"]
[Date "2024.07.09"]
[Round "4"]
[White "invisible_s0ul"]
[Black "Gangster-accountant01"]
[Result "1-0"]
[WhiteElo "2409"]
[BlackElo "2575"]
[TimeControl "180+1"]
[EndTime "14:41:07 PDT"]
[Termination "invisible_s0ul won by resignation"]

1. e4 e5 2. Nc3 Nf6 3. d4 exd4 4. Qxd4 Nc6 5. Qd1 Bb4 6. Bd3 d5 7. exd5 Nxd5 8. Ne2 Bg4 9. f3 Be6 10. O-O O-O 11.
Nxd5 Qxd5 12. Nf4 Qd6 13. Nxe6 fxe6 14. Be3 Rad8 15. a3 Bc5 16. Qe2 Nd4 17. Qf2 Bb6 18. Rad1 Qe5 19. Rfe1 Qf6 20. c3 Nf5 21. Bxb6 axb6 22.
Bc4 Rxd1 23. Rxd1 Nd6 24. Bb3 Kh8 25. Re1 e5 26. Qe3 e4 27. fxe4 Nxe4 28. Bc2 Nd6 29.
h3 g6 30. Bd3 Re8 31. Qf2 Qxf2+ 32. Kxf2 Rf8+ 33. Kg3 Rf7 34. Kh2 Kg7 35. Re2 Rd7 36. Bc2 Nf7 37. Bb3 Nd6 38. Bd5 c6 39. Be6 Re7 40. Bg4 Kf6 41. Rxe7 Kxe7 42. Be2 b5 43. Kg3 Ke6 44. Kf4 Kd5 45. Ke3 Nc4+ 46. Bxc4+ Kxc4 47. Kd2 Kb3 48. Kc1 c5 49. Kb1 b6 50. Kc1 b4 51. axb4 cxb4 52. cxb4 Kxb4 53. Kc2 Kc4 54. b3+ Kb4 55. Kb2 b5 56. g3 h6 57. g4 g5 58.
Kc2 Kc5 59. Kc3 b4+ 60. Kd3 Kd5 61. Ke3 Ke5 62. Kd3 Kf4 63. Kc4 Kg3 64. Kxb4 Kxh3 65. Ka5 Kxg4 66. b4 h5 67. b5 h4 68. b6 h3 69. b7 h2 70. b8=Q h1=Q 71. Qc8+ Kg3 72. Qc7+ Kh3 73. Qh7+ Kg2 74. Qe4+ Kh2 75. Qe5+ Kh3 76. Qxg5 Qa1+ 77. Kb5 Qg1 78. Qxg1 1-0

[Event "Late-Titled-Tuesday-Blitz-July-09-2024"]
[Site "Chess.com"]
[Date "2024.07.09"]
[Round "4"]
[White "Good_Knight_Kiss"]
[Black "HPanesso"]
[Result "1-0"]
[WhiteElo "2396"]
[BlackElo "2533"]
[TimeControl "180+1"]
[EndTime "14:41:12 PDT"]
[Termination "Good_Knight_Kiss won by resignation"]

1. e4 e5 2. Nf3 Nc6 3. Bb5 a6 4. Ba4 d6 5. O-O Bd7 6. c3 g6 7. d4 Bg7 8. Bg5 Nge7 9. dxe5 dxe5 10. Nbd2 O-O 11. Re1 b5 12. Bb3 h6 13. Be3 Kh7 14. Bc5 Na5 15. Nf1 Nxb3 16. axb3 f5 17. Ng3 f4 18.
Nf1 Rf7 19. Qd3 Bg4 20. Qxd8 Rxd8 21. Rxa6 Bxf3 22. gxf3 Rd3 23. Kg2 g5 24. h3 Ng6 25.
Nh2 Nh4+ 26. Kf1 Nxf3 27. Nxf3 Rxf3 28. Kg2 Rd3 29. Rea1 f3+ 30. Kg3 Rd2 31. Rc6 Rf4 32. Ra7 h5 33. Rcxc7 h4+ 34. Kh2 Kh6 35. Rxg7 Rxb2 36. Rh7+ Kg6 37. Rag7+ Kf6 38. Rf7+ Ke6 39. Re7+ Kf6 40. Rhf7+ Kg6 41. Rxf4 gxf4 42. Rxe5 Rxb3 43.
Bd4 Rb2 44. Rf5 Rd2 45. Rxf4 b4 46. Rxf3 b3 47. Rf8 b2 48. Rb8 Rc2 49. Kg2 Kg5 50.
Kf3 Kg6 51. Ke3 Kf7 52. Kd3 Rc1 53. Rxb2 Rh1 54. Rb7+ Ke6 55. Rb6+ Kd7 56. Ke3 Rxh3+ 57. Kf4 Rh1 58. Rh6 h3 59. Kg3 Rg1+ 60. Kh2 Re1 61.
Rxh3 Rxe4 62. Rh6 Re2 63. Kg3 Rc2 64. Kf3 Ke7 65. Ke4 Kf7 66. f4 Re2+ 67. Kd3 Ra2 68. Rb6 Ke7 69. Ke4 Re2+ 70. Kd5 Ra2 71. Rb7+ Kd8 72.
Be5 Ra6 73. c4 Kc8 74. Rg7 Kd8 75. c5 Rh6 76. Bd6 Kc8 77. Kc6 Rh8 78. f5 Re8 79.
f6 Rh8 80. f7 Kd8 81. Rg8+ 1-0

[Event "Late-Titled-Tuesday-Blitz-July-09-2024"]
[Site "Chess.com"]
[Date "2024.07.09"]
[Round "4"]
[White "ELPRIMO0O0"]
[Black "stollenmonster"]
[Result "1-0"]
[WhiteElo "2618"]
[BlackElo "2864"]
[TimeControl "180+1"]
[EndTime "14:41:22 PDT"]
[Termination "ELPRIMO0O0 won by resignation"]

1. e4 c5 2. d3 Nc6 3. g3 g6 4.
Bg2 Bg7 5. f4 e6 6. Nf3 Nge7 7.
O-O O-O 8. c3 d5 9. Na3 b6 10. e5 d4 11. c4 Bb7 12. Nc2 Qd7 13. Bd2 f6 14. exf6 Bxf6 15. Qe2 Nf5 16. g4 Ne3 17. Nxe3 dxe3 18. Bxe3 Rad8 19. Rad1 Nd4 20.
Nxd4 Bxg2 21. Kxg2 cxd4 22. Bd2 Rfe8 23. Qe4 Qa4 24.
a3 Qb3 25. Bc1 b5 26. cxb5 Qxb5 27. Rfe1 a5 28. Re2 a4 29. Kg3 Qd5 30. Qxd5 Rxd5 31.
Rde1 Kf7 32. Bd2 Rd6 33. Rc1 Rd7 34. Rc6 Rb7 35. Bb4 Rd7 36. Ra6 g5 37. Rxa4 gxf4+ 38. Kxf4 h6 39. Ra6 Rd5 40. Kg3 Bg5 41. Ra7+ Kg6 42.
Ra6 Kf7 43. Ra7+ Kg6 44. h4 Be3 45. h5+ Kf6 46. Re1 e5 47. Rf1+ Bf4+ 48. Kf3 Kg5 49. Rg7+ Kf6 50. Rg6+ Kf7 51. Ke4 Rb5 52. g5 hxg5 53.
Rxg5 Rc8 54. Rg2 Rh8 55. Rh1 Rbb8 56. Kf5 Rbg8 57. Rxg8 Rxg8 58. h6 Rg5+ 59. Ke4 Ke6 60. h7 Rg3 61. Re1 Rh3 62. a4 Rxh7 63. a5 Rb7 64.
Ba3 Rg7 65. Bc5 Be3 66. a6 Rg4+ 67. Kf3 Rf4+ 68. Kg2 Rf2+ 69. Kg3 Rxb2 70. a7 Ra2 71. Rb1 Bf4+ 72. Kf3 Kd5 73. Rb8 Kxc5 74. a8=Q Rxa8 75. Rxa8 Kb4 76. Rc8 Kb3 77. Ke4 Kb4 78. Rc6 Kb3 79.
Rc5 Kb2 80. Kd5 Kb3 81. Ke4 Kb2 82. Rc8 Bg3 83. Kf3 Bf4 84. Ke2 Kb3 85. Kf2 Kb4 86. Kf3 Kb3 87. Ke4 Kb2 88. Rc5 Kb3 89. Rxe5 Be3 90.
Rc5 Kb2 91. Rc4 Bg1 92. Rxd4 Bxd4 93. Kxd4 Kb3 94. Kc5 1-0

[Event "Late-Titled-Tuesday-Blitz-July-09-2024"]
[Site "Chess.com"]
[Date "2024.07.09"]
[Round "5"]
[White "FabianoCaruana"]
[Black "SRob2003"]
[Result "1-0"]
[WhiteElo "3172"]
[BlackElo "2710"]
[TimeControl "180+1"]
[EndTime "14:49:15 PDT"]
[Termination "FabianoCaruana won by resignation"]

1. c4 c5 2. Nf3 Nc6 3. g3 g6 4. Bg2 Bg7 5. O-O d6 6. Nc3 Bf5 7. d3 Qd7 8. Bd2 Bh3 9. Rb1 Nf6 10. Nd5 e6 11. Bxh3 Nxd5 12. cxd5 Nd4 13. Nxd4 Bxd4 14.
dxe6 fxe6 15. Qb3 Ke7 16. Bc3 Rhf8 17. Bxd4 cxd4 18. Rbc1 Rac8 19. Qb4 1-0

[Event "Late-Titled-Tuesday-Blitz-July-09-2024"]
[Site "Chess.com"]
[Date "2024.07.09"]
[Round "5"]
[White "duone"]
[Black "ExchangeAB"]
[Result "0-1"]
[WhiteElo "2311"]
[BlackElo "2462"]
[TimeControl "180+1"]
[EndTime "14:49:44 PDT"]
[Termination "ExchangeAB won by resignation"]

1. Nf3 Nf6 2. c4 c6 3. g3 d5 4.
Bg2 dxc4 5. a4 e6 6. Na3 Bxa3 7.
Rxa3 O-O 8. O-O b5 9. axb5 cxb5 10. Qc2 Bb7 11. b3 cxb3 12. Rxb3 a6 13. Ba3 Re8 14. Rd3 Qc8 15. Qb3 Bd5 16. Qb2 Qb7 17. Bd6 Nc6 18.
Ne5 Bxg2 19. Kxg2 Nxe5+ 0-1

[Event "Late-Titled-Tuesday-Blitz-July-09-2024"]
[Site "Chess.com"]
[Date "2024.07.09"]
[Round "5"]
[White "stollenmonster"]
[Black "Mattheii"]
[Result "1-0"]
[WhiteElo "2866"]
[BlackElo "2486"]
[TimeControl "180+1"]
[EndTime "14:50:01 PDT"]
[Termination "stollenmonster won by resignation"]

1. e4 c5 2. Nf3 d6 3. d4 cxd4 4. Nxd4 Nf6 5. Nc3 Nc6 6. g3 g6 7. Nde2 Bg7 8. Bg2 O-O 9. h3 Rb8 10. a4 a6 11. O-O b5 12. axb5 axb5 13. Be3 Nd7 14. Nd4 Nxd4 15. Bxd4 b4 16. Bxg7 Kxg7 17. Nd5 e6 18. Qd4+ Kg8 19. Nxb4 Nc5 20. Nc6 1-0

[Event "Late-Titled-Tuesday-Blitz-July-09-2024"]
[Site "Chess.com"]
[Date "2024.07.09"]
[Round "5"]
[White "FloMasterAAK"]
[Black "invisible_s0ul"]
[Result "1-0"]
[WhiteElo "2652"]
[BlackElo "2406"]
[TimeControl "180+1"]
[EndTime "14:50:12 PDT"]
[Termination "FloMasterAAK won by resignation"]

1. e4 c5 2. Nf3 Nc6 3. d4 cxd4 4. Nxd4 Nf6 5. Nc3 e6 6. Nxc6 bxc6 7. e5 Nd5 8. Ne4 Qc7 9. f4 Qb6 10. c4 Bb4+ 11. Ke2 f5 12. exf6 Nxf6 13. Be3 Qa6 14. Nxf6+ gxf6 15. Kf2 Qa5 16. a3 Bc5 17. Qh5+ Kd8 18.
Qxc5 1-0

[Event "Late-Titled-Tuesday-Blitz-July-09-2024"]
[Site "Chess.com"]
[Date "2024.07.09"]
[Round "5"]
[White "szachmistrz2500"]
[Black "Burgsvik"]
[Result "1-0"]
[WhiteElo "2408"]
[BlackElo "2259"]
[TimeControl "180+1"]
[EndTime "14:50:43 PDT"]
[Termination "szachmistrz2500 won by resignation"]

1. e4 c5 2. Nf3 Nc6 3. d4 cxd4 4. Nxd4 Nf6 5. Nc3 e5 6. Ndb5 d6 7. Bg5 a6 8. Na3 b5 9. Nd5 Be7 10. Bxf6 Bxf6 11. c3 O-O 12. Nc2 Be6 13. a4 Rb8 14. axb5 axb5 15. Ncb4 Nxb4 16. Nxb4 Bg5 17. Nc6 Qc7 18.
Nxb8 Rxb8 19. Bd3 b4 20. cxb4 h5 21. b5 h4 22. h3 Bd8 23. O-O Qc5 24. Qe2 Bb6 25.
Rfc1 Qd4 26. Rc6 Bc5 27. Rca6 Bc8 28. Ra8 1-0

[Event "Late-Titled-Tuesday-Blitz-July-09-2024"]
[Site "Chess.com"]
[Date "2024.07.09"]
[Round "5"]
[White "KVAIDAN"]
[Black "BillCoe"]
[Result "1-0"]
[WhiteElo "2361"]
[BlackElo "2087"]
[TimeControl "180+1"]
[EndTime "14:50:49 PDT"]
[Termination "KVAIDAN won by resignation"]

1. e4 c5 2. f4 e6 3. Nf3 d5 4.
e5 Nc6 5. Bb5 Ne7 6. O-O a6 7.
Bxc6+ Nxc6 8. c3 d4 9. c4 Be7 10. d3 O-O 11. Nbd2 b5 12. Ne4 bxc4 13. dxc4 Qc7 14. a3 a5 15. Qd3 Rb8 16. Neg5 Bxg5 17. Nxg5 g6 18. Qh3 h5 19. Ne4 a4 20. g4 Rb3 21. Qh4 hxg4 22. Nf6+ 1-0